PA
CALDWELL CHIEFS @ CUT OFF CRAWDADS
05/28/2042
 
TOP OF THE 1ST
Caldwell Chiefs batting - Pitching for Cut Off Crawdads : RHP Lewis Goodman
Pitching: RHP Lewis Goodman
Batting: RHB Kane Felton 0-0: Called Strike
0-1: Ball
1-1: Swinging Strike
1-2: Foul Ball, location: 2F
1-2: Strikes out looking
Batting: LHB Li-ping Lian 0-0: Ball
1-0: Called Strike
1-1: Ball
2-1: Swinging Strike
2-2: Strikes out swinging
Batting: LHB Jorge Napolez 0-0: Ball
1-0: Ball
2-0: Fly out, F7 (Line Drive, 78M, EV 83.8 MPH)
Top of the 1st over - 0 runs, 0 hits, 0 errors, 0 left on base; Caldwell 0 - Cut Off 0
BOTTOM OF THE 1ST
Cut Off Crawdads batting - Pitching for Caldwell Chiefs : RHP Tony Figueroa
Pitching: RHP Tony Figueroa
Batting: SHB David Knight 0-0: Ball
1-0: Ground out U3 (Groundball, 34, EV 108.1 MPH)
Batting: LHB Sam Wells 0-0: SINGLE (Line Drive, 4MD, EV 95.0 MPH)
Batting: RHB Vicente Perales 0-0: Ball
1-0: Ball
2-0: Foul Ball, location: 2F
2-1: Foul Ball, location: 2F
2-2: Foul Ball, location: 2F
2-2: Fly out, F8 (Flyball, 8RS, EV 78.8 MPH)
Batting: SHB Rich Dalzell 0-0: Ball
1-0: Called Strike
1-1: Swinging Strike
1-2: Foul Ball, location: 2F
1-2: Fly out, F9 (Line Drive, 9S, EV 93.1 MPH)
Bottom of the 1st over - 0 runs, 1 hit, 0 errors, 1 left on base; Caldwell 0 - Cut Off 0
TOP OF THE 2ND
Caldwell Chiefs batting - Pitching for Cut Off Crawdads : RHP Lewis Goodman
Batting: RHB Kuan Pi 0-0: Swinging Strike
0-1: Called Strike
0-2: Ball
1-2: Fly out, F9 (Line Drive, 9, EV 101.2 MPH)
Batting: LHB Bob Holmes 0-0: Called Strike
0-1: Ball
1-1: Ground out U3 (Groundball, 34S, EV 66.2 MPH)
Batting: LHB Dan Webb 0-0: DOUBLE (Flyball, 89D, EV 106.9 MPH)
Batting: RHB Dan Babauta 0-0: Called Strike
0-1: Ball
1-1: Fly out, F4 (Popup, 4MD, EV 64.4 MPH)
Top of the 2nd over - 0 runs, 1 hit, 0 errors, 1 left on base; Caldwell 0 - Cut Off 0
BOTTOM OF THE 2ND
Cut Off Crawdads batting - Pitching for Caldwell Chiefs : RHP Tony Figueroa
Batting: RHB Kennet Udinga 0-0: Ball
1-0: Ball
2-0: Ball
3-0: Called Strike
3-1: Base on Balls
Batting: RHB Sergio Vargas 0-0: Reached on error, E4 (Groundball, 4M, EV 95.0 MPH)
Kennet Udinga to second
Batting: RHB Heng-zong Pao 0-0: Called Strike
0-1: Ball
1-1: Called Strike
1-2: Ball
2-2: Ball
3-2: Foul Ball, location: 2F
3-2: Grounds into double play, 5-4-3 (Groundball, 56, EV 88.8 MPH)
Kennet Udinga to third
Batting: RHB Alan Shepherd 0-0: Ball
1-0: Called Strike
1-1: Ground out 1-3 (Groundball, 34S, EV 85.6 MPH)
Bottom of the 2nd over - 0 runs, 0 hits, 1 error, 1 left on base; Caldwell 0 - Cut Off 0
TOP OF THE 3RD
Caldwell Chiefs batting - Pitching for Cut Off Crawdads : RHP Lewis Goodman
Batting: RHB Ángelo Atenas 0-0: Ball
1-0: DOUBLE (Groundball, 5L, EV 104.4 MPH)
Batting: RHB Luis Miguel Monteblanco 0-0: Foul Ball, location: 2F
0-1: Called Strike
0-2: Ball
1-2: Foul Ball, location: 2F
1-2: Fly out, F7 (Flyball, 7, EV 91.9 MPH)
Batting: RHB Kane Felton 0-0: Swinging Strike
0-1: Foul Ball, location: 2F
0-2: Foul Ball, location: 2F
0-2: Ball
1-2: Ball
2-2: Foul Ball, location: 2F
2-2: Ground out 4-3 (Groundball, 34D, EV 104.4 MPH)
Ángelo Atenas to third
Batting: LHB Li-ping Lian 0-0: Called Strike
0-1: SINGLE (Groundball, 56, EV 103.1 MPH)
Ángelo Atenas scores
Batting: LHB Jorge Napolez 0-0: Swinging Strike
0-1: Ball
1-1: Called Strike
1-2: Foul Ball, location: 2F
1-2: Fly out, F7 (Flyball, 7S, EV 90.0 MPH)
Top of the 3rd over - 1 run, 2 hits, 0 errors, 1 left on base; Caldwell 1 - Cut Off 0
BOTTOM OF THE 3RD
Cut Off Crawdads batting - Pitching for Caldwell Chiefs : RHP Tony Figueroa
Batting: RHB Aroosha Zafar 0-0: DOUBLE (Line Drive, 5D, EV 103.8 MPH)
Batting: SHB David Knight 0-0: Ball
1-0: SINGLE (Line Drive, 9LS, EV 98.8 MPH)
Aroosha Zafar to third
Batting: LHB Sam Wells 0-0: SINGLE (Flyball, 34D, EV 92.5 MPH)
Aroosha Zafar scores
David Knight to second
Batting: RHB Vicente Perales 0-0: Ball
Wild Pitch!
David Knight to third
Sam Wells to second
1-0: Ball
2-0: Ball
3-0: Called Strike
3-1: Foul Ball, location: 2F
3-2: Fly out, F7 (Flyball, 7S, EV 89.4 MPH)
Batting: SHB Rich Dalzell 0-0: Ball
1-0: Ball
2-0: Ball
3-0: Base on Balls
Batting: RHB Kennet Udinga 0-0: Fly out, F8 (Flyball, 78D, EV 103.8 MPH)
Runner from 3rd tags up, SCORES, no throw by CF
Batting: RHB Sergio Vargas 0-0: Fly out, F9 (Flyball, 89S, EV 90.0 MPH)
Bottom of the 3rd over - 2 runs, 3 hits, 0 errors, 2 left on base; Caldwell 1 - Cut Off 2
TOP OF THE 4TH
Caldwell Chiefs batting - Pitching for Cut Off Crawdads : RHP Lewis Goodman
Batting: RHB Kuan Pi 0-0: Foul Ball, location: 2F
0-1: Foul Ball, location: 2F
0-2: Ball
1-2: Foul Ball, location: 2F
1-2: Ball
2-2: Foul Ball, location: 2F
2-2: Ball
3-2: SINGLE (Flyball, 9LS, EV 102.5 MPH)
Batting: LHB Bob Holmes 0-0: Called Strike
0-1: Foul Ball, location: 2F
0-2: Ball
1-2: Strikes out swinging
Batting: LHB Dan Webb 0-0: Called Strike
0-1: Swinging Strike
0-2: Foul Ball, location: 2F
0-2: Foul Ball, location: 2F
0-2: 2-RUN HOME RUN (Flyball, 9D, EV 95.0 MPH), Distance : 385 ft
Batting: RHB Dan Babauta 0-0: Ball
1-0: Called Strike
1-1: Called Strike
1-2: Fly out, F7 (Flyball, 7, EV 88.8 MPH)
Batting: RHB Ángelo Atenas 0-0: Ball
1-0: Swinging Strike
1-1: Reached on error, E3 (Groundball, 34, EV 88.1 MPH)
Batting: RHB Luis Miguel Monteblanco 0-0: Fly out, F9 (Flyball, 9, EV 82.5 MPH)
Top of the 4th over - 2 runs, 2 hits, 1 error, 1 left on base; Caldwell 3 - Cut Off 2
BOTTOM OF THE 4TH
Cut Off Crawdads batting - Pitching for Caldwell Chiefs : RHP Tony Figueroa
Batting: RHB Heng-zong Pao 0-0: Ball
1-0: Called Strike
1-1: Ball
2-1: Fly out, F8 (Line Drive, 8LD, EV 97.5 MPH)
Batting: RHB Alan Shepherd 0-0: Ground out 6-3 (Groundball, 6, EV 108.8 MPH)
Batting: RHB Aroosha Zafar 0-0: Fly out, F8 (Flyball, 78D, EV 92.5 MPH)
Bottom of the 4th over - 0 runs, 0 hits, 0 errors, 0 left on base; Caldwell 3 - Cut Off 2
TOP OF THE 5TH
Caldwell Chiefs batting - Pitching for Cut Off Crawdads : RHP Lewis Goodman
Batting: RHB Kane Felton 0-0: Swinging Strike
0-1: Swinging Strike
0-2: Ball
1-2: Foul Ball, location: 2F
1-2: Ball
2-2: Ground out 6-3 (Groundball, 6, EV 106.9 MPH)
Batting: LHB Li-ping Lian 0-0: Bunted foul
0-1: Foul Ball, location: 2F
0-2: Ball
1-2: Strikes out looking
Batting: LHB Jorge Napolez 0-0: Ball
1-0: Called Strike
1-1: Ball
2-1: Foul Ball, location: 2F
2-2: Ball
3-2: Fly out, F2 (Popup, 15S, EV 84.4 MPH)
Top of the 5th over - 0 runs, 0 hits, 0 errors, 0 left on base; Caldwell 3 - Cut Off 2
BOTTOM OF THE 5TH
Cut Off Crawdads batting - Pitching for Caldwell Chiefs : RHP Tony Figueroa
Batting: SHB David Knight 0-0: Called Strike
0-1: Ball
1-1: Ball
2-1: Ball
3-1: Foul Ball, location: 2F
3-2: Strikes out swinging
Batting: LHB Sam Wells 0-0: Ball
1-0: DOUBLE (Line Drive, 7LS, EV 111.9 MPH)
Batting: RHB Vicente Perales 0-0: Ball
1-0: SINGLE (Groundball, 6D, EV 104.4 MPH)
Sam Wells to third
Runner from 3rd tries for Home, SAFE, throw by CF to home
Batting: SHB Rich Dalzell 0-0: Called Strike
0-1: Ball
1-1: Ball
2-1: Ball
3-1: Swinging Strike
3-2: Foul Ball, location: 2F
3-2: Ground out 4-3 (Groundball, 4MS, EV 83.8 MPH)
Vicente Perales to second
Batting: RHB Kennet Udinga 0-0: Ball
1-0: Called Strike
1-1: Ball
2-1: Ball
3-1: Foul Ball, location: 2F
3-2: Base on Balls
Batting: RHB Sergio Vargas 0-0: Hit by Pitch
Vicente Perales to third
Kennet Udinga to second
Batting: RHB Heng-zong Pao 0-0: Ball
1-0: Ground out 1-3 (Groundball, 13, EV 83.8 MPH)
Bottom of the 5th over - 1 run, 2 hits, 0 errors, 3 left on base; Caldwell 3 - Cut Off 3
TOP OF THE 6TH
Caldwell Chiefs batting - Pitching for Cut Off Crawdads : RHP Lewis Goodman
Batting: RHB Kuan Pi 0-0: Ball
1-0: Called Strike
1-1: Ball
2-1: Ball
3-1: Called Strike
3-2: Foul Ball, location: 2F
3-2: Base on Balls
Batting: LHB Bob Holmes 0-0: Ball
1-0: Foul Ball, location: 2F
1-1: Called Strike
1-2: 2-RUN HOME RUN (Flyball, 9D, EV 96.9 MPH), Distance : 389 ft
Pitching: LHP Héctor Sanz
Batting: LHB Dan Webb 0-0: Foul Ball, location: 2F
0-1: Swinging Strike
0-2: Ball
1-2: Foul Ball, location: 2F
1-2: Strikes out looking
Batting: RHB Dan Babauta 0-0: Ball
1-0: Swinging Strike
1-1: Called Strike
1-2: Ball
2-2: Strikes out swinging
Batting: RHB Ángelo Atenas 0-0: Ball
1-0: Called Strike
1-1: Called Strike
1-2: Strikes out looking
Top of the 6th over - 2 runs, 1 hit, 0 errors, 0 left on base; Caldwell 5 - Cut Off 3
BOTTOM OF THE 6TH
Cut Off Crawdads batting - Pitching for Caldwell Chiefs : RHP Tony Figueroa
Batting: RHB Alan Shepherd 0-0: SINGLE (Groundball, 34D, EV 93.8 MPH)
Batting: RHB Aroosha Zafar 0-0: Ball
1-0: Foul Ball, location: 2F
1-1: Ball
2-1: Swinging Strike
2-2: Strikes out swinging
Batting: SHB David Knight 0-0: Swinging Strike
0-1: Ball
1-1: Swinging Strike
Passed Ball!
Alan Shepherd to second
1-2: Strikes out looking
Batting: LHB Sam Wells 0-0: Swinging Strike
0-1: Ball
1-1: Swinging Strike
1-2: Ball
2-2: Foul Ball, location: 2F
2-2: Ball
3-2: Fly out, F5 (Line Drive, 5, EV 67.5 MPH)
Bottom of the 6th over - 0 runs, 1 hit, 0 errors, 1 left on base; Caldwell 5 - Cut Off 3
TOP OF THE 7TH
Caldwell Chiefs batting - Pitching for Cut Off Crawdads : LHP Héctor Sanz
Batting: RHB Luis Miguel Monteblanco 0-0: Ball
1-0: Foul Ball, location: 2F
1-1: Ball
2-1: Foul Ball, location: 2F
2-2: Strikes out swinging
Batting: RHB Kane Felton 0-0: Called Strike
0-1: Ball
1-1: Called Strike
1-2: Fly out, F2 (Popup, 23F, EV 84.4 MPH)
Batting: LHB Li-ping Lian 0-0: Called Strike
0-1: Hit by Pitch
Batting: LHB Jorge Napolez 0-0: Fielders Choice at 2nd, U6 (Groundball, 6M, EV 91.2 MPH)
Top of the 7th over - 0 runs, 0 hits, 0 errors, 1 left on base; Caldwell 5 - Cut Off 3
BOTTOM OF THE 7TH
Cut Off Crawdads batting - Pitching for Caldwell Chiefs : RHP Tony Figueroa
Batting: RHB Vicente Perales 0-0: Called Strike
0-1: Called Strike
0-2: Ball
1-2: Foul Ball, location: 2F
1-2: Ball
2-2: Strikes out swinging
Batting: SHB Rich Dalzell 0-0: Fly out, F9 (Flyball, 89S, EV 88.8 MPH)
Batting: RHB Kennet Udinga 0-0: Ball
1-0: Fly out, F9 (Flyball, 89D, EV 81.9 MPH)
Bottom of the 7th over - 0 runs, 0 hits, 0 errors, 0 left on base; Caldwell 5 - Cut Off 3
TOP OF THE 8TH
Caldwell Chiefs batting - Pitching for Cut Off Crawdads : LHP Héctor Sanz
Batting: RHB Kuan Pi 0-0: Called Strike
0-1: Called Strike
0-2: Ball
1-2: Ball
2-2: Ball
3-2: Strikes out looking
Batting: LHB Bob Holmes 0-0: Called Strike
0-1: Ball
1-1: Swinging Strike
1-2: Ball
2-2: Ball
3-2: Ground out 2-3 (Groundball, 13S, EV 65.0 MPH)
Batting: LHB Dan Webb 0-0: Ball
1-0: Foul Ball, location: 2F
1-1: Called Strike
1-2: Ball
2-2: Foul Ball, location: 2F
2-2: Ball
3-2: Strikes out swinging
Top of the 8th over - 0 runs, 0 hits, 0 errors, 0 left on base; Caldwell 5 - Cut Off 3
BOTTOM OF THE 8TH
Cut Off Crawdads batting - Pitching for Caldwell Chiefs : RHP Tony Figueroa
Pitching: LHP Jack Fisher
Batting: RHB Sergio Vargas 0-0: DOUBLE (Line Drive, 89XD, EV 105.0 MPH)
Batting: RHB Heng-zong Pao 0-0: Called Strike
0-1: Fly out, F7 (Flyball, 7, EV 90.6 MPH)
Batting: RHB Alan Shepherd 0-0: Foul Ball, location: 2F
0-1: Foul Ball, location: 2F
0-2: Ball
1-2: Ball
2-2: Foul Ball, location: 2F
2-2: Ball
3-2: Strikes out swinging
Batting: RHB Aroosha Zafar 0-0: Ball
1-0: Ball
2-0: Called Strike
2-1: Foul Ball, location: 2F
2-2: Ground out 6-3 (Groundball, 6, EV 106.9 MPH)
Bottom of the 8th over - 0 runs, 1 hit, 0 errors, 1 left on base; Caldwell 5 - Cut Off 3
TOP OF THE 9TH
Caldwell Chiefs batting - Pitching for Cut Off Crawdads : LHP Héctor Sanz
Pitching: RHP Carlos Coronado
Batting: RHB Dan Babauta 0-0: SINGLE (Line Drive, 8LS, EV 108.8 MPH)
Batting: RHB Ángelo Atenas 0-0: Called Strike
0-1: Called Strike
0-2: Ball
1-2: Foul Ball, location: 2F
1-2: Strikes out swinging
Batting: RHB Luis Miguel Monteblanco 0-0: Swinging Strike
0-1: Ball
1-1: Called Strike
1-2: Strikes out swinging
Batting: RHB Kane Felton 0-0: Ball
1-0: Fly out, F7 (Flyball, 7LMF, EV 91.2 MPH)
Top of the 9th over - 0 runs, 1 hit, 0 errors, 1 left on base; Caldwell 5 - Cut Off 3
BOTTOM OF THE 9TH
Cut Off Crawdads batting - Pitching for Caldwell Chiefs : LHP Jack Fisher
Pitching: LHP Dong-choon Yi
Now at 3B: Derrick Davis
Batting: SHB David Knight 0-0: Called Strike
0-1: Ball
1-1: SINGLE (Flyball, 7LS, EV 90.0 MPH)
Batting: LHB Sam Wells 0-0: Ball
1-0: Foul Ball, location: 2F
1-1: SINGLE (Line Drive, 9LS, EV 93.1 MPH)
David Knight to second
Batting: RHB Vicente Perales 0-0: Called Strike
David Knight steals 3rd base
Sam Wells to second
0-1: Swinging Strike
0-2: Ball
1-2: Ball
2-2: Ball
3-2: Foul Ball, location: 2F
3-2: Base on Balls
Batting: SHB Rich Dalzell 0-0: Foul Ball, location: 2F
0-1: Ball
1-1: Ball
2-1: Ball
3-1: Swinging Strike
3-2: Foul Ball, location: 2F
3-2: Ground out 6-3 (Groundball, 6, EV 111.2 MPH)
David Knight scores
Sam Wells to third
Vicente Perales to second
Batting: RHB Kennet Udinga 0-0: Called Strike
0-1: Called Strike
0-2: Ball
1-2: Ball
2-2: Ball
3-2: Foul Ball, location: 2F
3-2: Foul Ball, location: 2F
3-2: Ground out 3-1 (Groundball, 34, EV 106.9 MPH)
Sam Wells scores
Vicente Perales to third
Batting: RHB Sergio Vargas 0-0: Intentional Walk
Batting: RHB Heng-zong Pao 0-0: Ball
1-0: Swinging Strike
1-1: Called Strike
1-2: Ball
2-2: Ball
3-2: Strikes out swinging
Bottom of the 9th over - 2 runs, 2 hits, 0 errors, 2 left on base; Caldwell 5 - Cut Off 5
TOP OF THE 10TH
Caldwell Chiefs batting - Pitching for Cut Off Crawdads : RHP Carlos Coronado
Batting: LHB Li-ping Lian 0-0: Swinging Strike
0-1: Called Strike
0-2: Ball
1-2: Foul Ball, location: 2F
1-2: Strikes out swinging
Batting: LHB Jorge Napolez 0-0: Ball
1-0: Ball
2-0: Called Strike
2-1: Foul Ball, location: 2F
2-2: Strikes out looking
Batting: RHB Kuan Pi 0-0: Ball
1-0: Foul Ball, location: 2F
1-1: Foul Ball, location: 2F
1-2: Ball
2-2: Ball
3-2: Ground out U3 (Groundball, 34S, EV 87.5 MPH)
Top of the 10th over - 0 runs, 0 hits, 0 errors, 0 left on base; Caldwell 5 - Cut Off 5
BOTTOM OF THE 10TH
Cut Off Crawdads batting - Pitching for Caldwell Chiefs : LHP Dong-choon Yi
Pitching: RHP Stephen Johnson
Pinch Hitting: RHB Leonard Tucker 0-0: Called Strike
0-1: Foul Ball, location: 2F
0-2: Foul Ball, location: 2F
0-2: Ball
1-2: Strikes out swinging
Batting: RHB Aroosha Zafar 0-0: Ball
1-0: Ball
2-0: Foul Ball, location: 2F
2-1: Foul Ball, location: 2F
2-2: Strikes out swinging
Batting: SHB David Knight 0-0: Called Strike
0-1: Ground out 4-3 (Groundball, 4M, EV 91.2 MPH)
Bottom of the 10th over - 0 runs, 0 hits, 0 errors, 0 left on base; Caldwell 5 - Cut Off 5
TOP OF THE 11TH
Caldwell Chiefs batting - Pitching for Cut Off Crawdads : RHP Carlos Coronado
Pitching: RHP Ron Francis
Now at SS: Bill Wolf
Pinch Hitting: SHB Cristo López 0-0: Ball
1-0: Swinging Strike
1-1: Foul Ball, location: 2F
1-2: Ball
2-2: Strikes out swinging
Batting: LHB Dan Webb 0-0: Ball
1-0: Fly out, F3 (Popup, 34S, EV 76.2 MPH)
Batting: RHB Dan Babauta 0-0: Ground out 1-3 (Groundball, 15, EV 84.4 MPH)
Top of the 11th over - 0 runs, 0 hits, 0 errors, 0 left on base; Caldwell 5 - Cut Off 5
BOTTOM OF THE 11TH
Cut Off Crawdads batting - Pitching for Caldwell Chiefs : RHP Stephen Johnson
Now at 3B: Cristo López
Batting: LHB Sam Wells 0-0: Ball
1-0: Ball
2-0: Called Strike
2-1: Ball
3-1: Called Strike
3-2: Base on Balls
Batting: RHB Vicente Perales 0-0: Ball
1-0: Foul Ball, location: 2F
1-1: Ball
2-1: Called Strike
2-2: SINGLE (Groundball, 56D, EV 94.4 MPH)
Sam Wells to second
Batting: SHB Rich Dalzell 0-0: Called Strike
0-1: Called Strike
0-2: Strikes out swinging
Batting: RHB Kennet Udinga 0-0: Foul Ball, location: 2F
0-1: Ball
1-1: Foul Ball, location: 2F
1-2: Strikes out swinging
Batting: RHB Sergio Vargas 0-0: Called Strike
0-1: Foul Ball, location: 2F
0-2: Foul Ball, location: 2F
0-2: Fielders Choice at 2nd, 6-4 (Groundball, 6, EV 91.2 MPH)
Bottom of the 11th over - 0 runs, 1 hit, 0 errors, 2 left on base; Caldwell 5 - Cut Off 5
TOP OF THE 12TH
Caldwell Chiefs batting - Pitching for Cut Off Crawdads : RHP Ron Francis
Batting: RHB Ángelo Atenas 0-0: Ball
1-0: Swinging Strike
1-1: Called Strike
1-2: Strikes out swinging
Pinch Hitting: LHB Ramón Gómez 0-0: Swinging Strike
0-1: Ball
1-1: Ball
2-1: Called Strike
2-2: Ground out 6-3 (Groundball, 6, EV 93.8 MPH)
Batting: RHB Kane Felton 0-0: Foul Ball, location: 2F
0-1: Swinging Strike
0-2: Ball
1-2: Foul Ball, location: 2F
1-2: Foul Ball, location: 2F
1-2: Ball
2-2: Foul Ball, location: 2F
2-2: Foul Ball, location: 2F
2-2: Ball
3-2: Strikes out looking
Top of the 12th over - 0 runs, 0 hits, 0 errors, 0 left on base; Caldwell 5 - Cut Off 5
BOTTOM OF THE 12TH
Cut Off Crawdads batting - Pitching for Caldwell Chiefs : RHP Stephen Johnson
Now in RF: Ramón Gómez
Batting: RHB Heng-zong Pao 0-0: Ball
1-0: Foul Ball, location: 2F
1-1: Foul Ball, location: 2F
1-2: Ball
2-2: Ball
3-2: Foul Ball, location: 2F
3-2: Fly out, F4 (Popup, 3D, EV 67.5 MPH)
Pinch Hitting: RHB Jermaine Vassell 0-0: Ball
1-0: Foul Ball, location: 2F
1-1: Ball
2-1: Fly out, F8 (Flyball, 8LD, EV 96.2 MPH)
Batting: RHB Aroosha Zafar 0-0: Ball
1-0: Ball
2-0: Fly out, F3 (Popup, 3S, EV 70.6 MPH)
Bottom of the 12th over - 0 runs, 0 hits, 0 errors, 0 left on base; Caldwell 5 - Cut Off 5
TOP OF THE 13TH
Caldwell Chiefs batting - Pitching for Cut Off Crawdads : RHP Ron Francis
Now at SS: Aaron Powell
Batting: LHB Li-ping Lian 0-0: Called Strike
0-1: Ball
1-1: Foul Ball, location: 2F
1-2: Strikes out swinging
Batting: LHB Jorge Napolez 0-0: Called Strike
0-1: Ball
1-1: Ball
2-1: Fly out, F7 (Flyball, 7S, EV 83.8 MPH)
Batting: RHB Kuan Pi 0-0: Ground out 4-3 (Groundball, 4, EV 88.1 MPH)
Top of the 13th over - 0 runs, 0 hits, 0 errors, 0 left on base; Caldwell 5 - Cut Off 5
BOTTOM OF THE 13TH
Cut Off Crawdads batting - Pitching for Caldwell Chiefs : RHP Stephen Johnson
Pitching: RHP Hsin-ta Lian
Batting: SHB David Knight 0-0: Called Strike
0-1: Ball
1-1: Called Strike
1-2: Strikes out swinging
Batting: LHB Sam Wells 0-0: Foul Ball, location: 2F
0-1: Ball
1-1: SINGLE (Groundball, 4MD, EV 105.6 MPH)
Batting: RHB Vicente Perales 0-0: Called Strike
0-1: Ball
1-1: Foul Ball, location: 2F
1-2: Foul Ball, location: 2F
1-2: Grounds into double play, 5-4-3 (Groundball, 56, EV 108.8 MPH)
Bottom of the 13th over - 0 runs, 1 hit, 0 errors, 0 left on base; Caldwell 5 - Cut Off 5
TOP OF THE 14TH
Caldwell Chiefs batting - Pitching for Cut Off Crawdads : RHP Ron Francis
Batting: SHB Cristo López 0-0: Ground out 6-3 (Groundball, 6, EV 88.8 MPH)
Batting: LHB Dan Webb 0-0: Called Strike
0-1: Foul Ball, location: 2F
0-2: Foul Ball, location: 2F
0-2: Ball
1-2: Fly out, F8 (Flyball, 8RS, EV 88.1 MPH)
Batting: RHB Dan Babauta 0-0: Foul Ball, location: 2F
0-1: Swinging Strike
0-2: Foul Ball, location: 2F
0-2: Foul Ball, location: 2F
0-2: Ground out 4-3 (Groundball, 4MS, EV 83.1 MPH)
Top of the 14th over - 0 runs, 0 hits, 0 errors, 0 left on base; Caldwell 5 - Cut Off 5
BOTTOM OF THE 14TH
Cut Off Crawdads batting - Pitching for Caldwell Chiefs : RHP Hsin-ta Lian
Batting: SHB Rich Dalzell 0-0: Ball
1-0: Called Strike
1-1: Foul Ball, location: 2F
1-2: Foul Ball, location: 2F
1-2: Ball
2-2: Strikes out swinging
Batting: RHB Kennet Udinga 0-0: Called Strike
0-1: Hit by Pitch
Batting: RHB Sergio Vargas 0-0: Ball
1-0: Ball
2-0: Foul Ball, location: 2F
2-1: Foul Ball, location: 2F
2-2: Foul Ball, location: 2F
2-2: Strikes out swinging
Batting: RHB Heng-zong Pao 0-0: Called Strike
0-1: Ball
1-1: Fly out, F8 (Flyball, 8RS, EV 83.8 MPH)
Bottom of the 14th over - 0 runs, 0 hits, 0 errors, 1 left on base; Caldwell 5 - Cut Off 5
TOP OF THE 15TH
Caldwell Chiefs batting - Pitching for Cut Off Crawdads : RHP Ron Francis
Batting: RHB Ángelo Atenas 0-0: Ball
1-0: Ball
2-0: Called Strike
2-1: Ground out 6-3 (Groundball, 6, EV 79.4 MPH)
Batting: LHB Ramón Gómez 0-0: Called Strike
0-1: Ground out 4-3 (Groundball, 34D, EV 98.1 MPH)
Batting: RHB Kane Felton 0-0: Ball
1-0: SINGLE (Line Drive, 78S, EV 93.1 MPH)
Pitching: RHP Patrick Robison
Batting: LHB Li-ping Lian 0-0: Swinging Strike
0-1: SINGLE (Groundball, 4, EV 84.4 MPH) (infield hit)
Kane Felton to second
Batting: LHB Jorge Napolez 0-0: Ball
1-0: Called Strike
1-1: Ball
2-1: Foul Ball, location: 2F
2-2: Ball
3-2: DOUBLE (Flyball, 89D, EV 105.6 MPH)
Kane Felton scores
Li-ping Lian to third
Li-ping Lian scores
Batting: RHB Kuan Pi 0-0: Swinging Strike
0-1: Foul Ball, location: 2F
0-2: Strikes out looking
Top of the 15th over - 2 runs, 3 hits, 0 errors, 1 left on base; Caldwell 7 - Cut Off 5
BOTTOM OF THE 15TH
Cut Off Crawdads batting - Pitching for Caldwell Chiefs : RHP Hsin-ta Lian
Batting: RHB Aaron Powell 0-0: Swinging Strike
0-1: Ball
1-1: Ground out 6-3 (Groundball, 6M, EV 99.4 MPH)
Batting: RHB Aroosha Zafar 0-0: Foul Ball, location: 2F
0-1: Ball
1-1: Swinging Strike
1-2: Strikes out swinging
Batting: SHB David Knight 0-0: Ball
1-0: Foul Ball, location: 2F
1-1: Called Strike
1-2: Foul Ball, location: 2F
1-2: Ball
2-2: Ball
3-2: Ground out 6-3 (Groundball, 6, EV 85.6 MPH)
Bottom of the 15th over - 0 runs, 0 hits, 0 errors, 0 left on base; Caldwell 7 - Cut Off 5
Friday, March 26th, 2021 - OOTP Baseball 20.8 Build 74